 Dungeon Sprint DCSS version 0.29.1-1-gd02db6906a (webtiles) character file.

Game seed: 12195509513026717911

9800000 Ofeo the Sabretooth (level 19, -30/98 (113) HPs)
             Began as a Felid Warper on Sept 17, 2022.
             Was the Champion of Makhleb.
             Killed from afar by a wretched soul (90 damage)
             ... with a bolt of negative energy
             ... in the Dungeon (Sprint VIII: "Arena of Blood").
             The game lasted 00:02:40 (98 turns).

Ofeo the Sabretooth (Felid Warper)                    Turns: 98, Time: 00:02:40

HP:   -30/98 (113)  AC:  3    Str:  7    XL:     19   Next: 42%
MP:   51/51         EV: 47    Int: 15    God:    Makhleb [******]
Gold: 0             SH:  0    Dex: 24    Spells: 72/72 levels left
                                        Lives: 0   Deaths: 6

rFire   . . .      SeeInvis +     - Unarmed
rCold   + . .      Faith    .   (shield unavailable)
rNeg    . . .      Spirit   .   (body armour unavailable)
rPois   .          Reflect  .   (helmet unavailable)
rElec   .          Harm     .   (cloak unavailable)
rCorr   .          Rampage  .   (gloves unavailable)
Will    ++...      NoTele   +   (boots unavailable)
Stlth   ++++++++++              (no amulet)
HPRegen 0.26/turn               b - +27000 ring of slaying
MPRegen 0.32/turn               (no ring)

@: heavily drained, quick
A: very small, claws 1, fangs 3, see invisible, speed 1, shaggy fur 3, stealthy
paws, no weapons or thrown items, no armour, multi-lived
a: Renounce Religion, Minor Destruction, Lesser Servant of Makhleb, Major
Destruction, Greater Servant of Makhleb


You were in the Dungeon.
You worshipped Makhleb.
Makhleb was exalted by your worship.
You visited 1 branch

Inventory:

Jewellery
 b - a +27000 ring of slaying (left paw)
Scrolls
 a - 2 scrolls of blinking {@r4}
Potions
 d - a potion of heal wounds {@q2}
 e - 2 potions of magic
 f - a potion of berserk rage
 h - a potion of haste {@q3}
 q - a potion of curing {@q1}


   Skills:
 O Level 27 Fighting
 O Level 27 Dodging
 O Level 27 Stealth
 O Level 27 Unarmed Combat
 O Level 27 Spellcasting
 + Level 20.5 Conjurations
 O Level 27 Hexes
 + Level 22.1 Summonings
 + Level 22.2 Necromancy
 O Level 27 Translocations
 + Level 23.9 Transmutations
 + Level 20.5 Fire Magic
 + Level 20.5 Ice Magic
 + Level 20.5 Air Magic
 + Level 20.5 Earth Magic
 + Level 20.6 Poison Magic
 + Level 22.1 Invocations
 + Level 23.9 Evocations


You had 72 spell levels left.
You didn't know any spells.
Your spell library contained the following spells:

 Spells                   Type           Power      Damage    Failure   Level
 Blink                    Tloc           100%       N/A       0%          2
 Gell's Gravitas          Tloc           79%        N/A       0%          3
 Lesser Beckoning         Tloc           79%        N/A       0%          3
 Teleport Other           Tloc           79%        N/A       0%          3
 Manifold Assault         Tloc           79%        N/A       0%          5


Dungeon Overview and Level Annotations

Branches:
Dungeon (1/1)

Altars:
Makhleb

Annotations:
D The Servant


Innate Abilities, Weirdness & Mutations

You have sharp claws.
You have razor-sharp teeth.
You have supernaturally acute eyesight. (SInv)
You cover ground quickly. (Speed+)
Your thick and shaggy fur keeps you warm. (AC +3, rC+)
Your paws help you pounce on unaware monsters.
You are incapable of wielding weapons or throwing items.
You cannot wear armour.
You gain extra lives every three experience levels.


Message History

You hear a shout!
Your Conjurations skill increases to level 20!
Your Necromancy skill increases to level 22!
Your Fire Magic skill increases to level 20!
Your Ice Magic skill increases to level 20!
Your Air Magic skill increases to level 20!
Your Earth Magic skill increases to level 20!
Your Poison Magic skill increases to level 20!
You regained 18 hp, and now have 50/113 hp.
You eviscerate the bag of meat!!!!!!!!!!!
You kill the bag of meat!
Makhleb accepts your kill.
You hear a shout!
The meat beast skitters faintly, "I will devour thy eyes!"
The accursed points at you and mumbles some strange words.
Something smites you! The destroyer casts a spell at you.
The destroyer blinks!
You hear a shout! x2
A bag of meat comes into view. It is wielding a +9 war axe.
You hear a shout!
A large bag of meat comes into view. It is wielding a +9 giant spiked club.
You hear a shout!
A meat beast comes into view.
The meat beast roars deafeningly!
You hear a shout! x4
Your Summonings skill increases to level 22!
Your Invocations skill increases to level 22!
You take 11 damage, and have 39/113 hp.
Unknown command.
You eviscerate the bag of meat!!!!!!!!!!!
You kill the bag of meat!
Makhleb accepts your kill.
You feel better.
You hear a shout! x2
An observer comes into view.
The wretched soul breathes negative energy at you.
The bolt of negative energy hits you!!!!
You feel drained.
Ouch! That really hurt!
You die...

o2.VO. ......
#......2D#O.§.......o .. ..
#..LMo.oO.#2O......#.......#
#.......M.O.o#...V #....W..# .
#..ozoz.o.#oO..W.###.....OW###.
#o...#...ooo..........###......
#.o..##....X.o#)......._.......
#ooo..#.....#z@.....#.....#..o.
#)O....###...)......#_.<._#....
#oo.oo##ooLO#.......#.....#....
#ozo.#.†O.†)XG#L......._.)†oo..
#Oo.X#O..O).L.)oM.X...###......
#OoooOoo..Oo....X###Wz.....###.
#Oozoo.oO...M...o..#.W.....#
#ooO.oX.Woo........#.......#
#2o)oXoX..#.................


You could see 3 accurseds, a tentacled monstrosity (summoned), 3 meat beasts, 3
tyrants, an eight-headed meat hydra, 2 destroyers, an observer (fast,
invisible), 2 sculptors of flesh, 3 large bags of meat, 3 large abominations, 2
dreads, 7 meat berserkers, 2 wretched souls and 18 bags of meat.

Vanquished Creatures
  A hell beast (D)
  A royal mummy (D)
  2 wraiths (D)
  5 vampire knights (D)
  19 ogres (D)
  4 two-headed ogres (D)
  A hydra (D)
  19 orcs (D)
  2 skeletal warriors (D)
54 creatures vanquished.

Vanquished Creatures (others)
  2 ogres (D)
  A two-headed ogre (D)
  6 orcs (D)
9 creatures vanquished.

Grand Total: 63 creatures vanquished

Notes
Turn   | Place    | Note
-------+----------+-------------------------------------------
     0 | D        | Ofeo the Felid Warper began the quest for the Orb.
     0 | D        | Reached XP level 1. HP: 9/9 MP: 4/4
     0 | D        | Noticed a meat berserker
     0 | D        | Noticed a bag of meat
     3 | D        | Became a worshipper of Makhleb the Destroyer
     3 | D        | Noticed a bag of meat
     4 | D        | Noticed a bag of meat
     4 | D        | Noticed a bag of meat
     5 | D        | Noticed a bag of meat
     6 | D        | Noticed a bag of meat
     7 | D        | Killed a bag of meat
     8 | D        | Reached XP level 2. HP: 13/13 MP: 6/6
     8 | D        | Reached XP level 3. HP: 16/16 MP: 7/7
     8 | D        | Reached XP level 4. HP: 19/19 MP: 8/8
     8 | D        | Reached XP level 5. HP: 22/22 MP: 9/9
     8 | D        | Gained mutation: You are covered in thick fur. (AC +2)
                  | [Felid growth]
     8 | D        | Reached XP level 6. HP: 26/26 MP: 10/10
     8 | D        | Reached XP level 7. HP: 30/30 MP: 11/11
     8 | D        | Reached XP level 8. HP: 33/33 MP: 12/12
     8 | D        | Reached XP level 9. HP: 36/36 MP: 13/13
     8 | D        | Reached XP level 10. HP: 40/40 MP: 14/14
     8 | D        | Noticed a bag of meat
     8 | D        | Noticed a meat berserker
     8 | D        | Noticed a bag of meat
     8 | D        | Noticed a bag of meat
     8 | D        | HP: 1/40 [meat berserker/+9 battleaxe (39)]
     9 | D        | Killed a meat berserker
     9 | D        | Reached * piety under Makhleb
     9 | D        | Annihilated by a bag of meat
    10 | D        | Reached XP level 9. HP: -37/36 MP: 13/13
    10 | D        | Reached skill level 27 in Unarmed Combat
    10 | D        | Reached XP level 10. HP: 59/59 MP: 14/14
    10 | D        | Reached XP level 11. HP: 63/63 MP: 15/15
    10 | D        | Gained mutation: Your thick and shaggy fur keeps you warm.
                  | (AC +3, rC+) [Felid growth]
    10 | D        | Reached XP level 12. HP: 67/67 MP: 16/16
    10 | D        | Noticed a bag of meat
    10 | D        | Noticed a bag of meat
    10 | D        | Noticed a bag of meat
    10 | D        | Noticed a bag of meat
    10 | D        | Noticed a bag of meat
    10 | D        | Noticed a bag of meat
    10 | D        | Noticed a bag of meat
    11 | D        | Noticed a bag of meat
    12 | D        | Noticed a bag of meat
    12 | D        | Noticed a meat berserker
    12 | D        | Noticed a meat berserker
    13 | D        | Noticed a meat berserker
    13 | D        | Noticed a bag of meat
    14 | D        | Killed a bag of meat
    14 | D        | Noticed a bag of meat
    14 | D        | Noticed a meat berserker
    14 | D        | Noticed a bag of meat
    15 | D        | Noticed a bag of meat
    15 | D        | Noticed a meat berserker
    15 | D        | Noticed a bag of meat
    15 | D        | Noticed a bag of meat
    16 | D        | Killed a meat berserker
    16 | D        | Noticed a bag of meat
    16 | D        | Noticed a destroyer
    17 | D        | Reached XP level 13. HP: 84/84 MP: 17/17
    17 | D        | Noticed a bag of meat
    17 | D        | Noticed a bag of meat
    18 | D        | Noticed a meat berserker
    18 | D        | Noticed a meat berserker
    18 | D        | Noticed a bag of meat
    18 | D        | Noticed a bag of meat
    19 | D        | Killed a bag of meat
    19 | D        | Reached ** piety under Makhleb
    20 | D        | Reached skill level 27 in Fighting
    20 | D        | Noticed a meat berserker
    20 | D        | Killed a meat berserker
    20 | D        | Noticed a meat berserker
    20 | D        | Noticed a bag of meat
    20 | D        | Noticed a bag of meat
    20 | D        | Noticed a bag of meat
    21 | D        | Reached XP level 14. HP: 91/91 MP: 18/18
    21 | D        | Killed a destroyer
    22 | D        | Reached skill level 27 in Dodging
    22 | D        | Reached skill level 10 in Stealth
    22 | D        | Reached XP level 15. HP: 95/95 MP: 19/19
    22 | D        | Killed a meat berserker
    22 | D        | Reached *** piety under Makhleb
    23 | D        | Killed a meat berserker
    23 | D        | Noticed a meat berserker
    24 | D        | Reached skill level 27 in Stealth
    24 | D        | Reached skill level 10 in Translocations
    24 | D        | Killed a meat berserker
    24 | D        | Noticed a large bag of meat
    25 | D        | Reached XP level 16. HP: 82/100 MP: 19/33
    25 | D        | Reached **** piety under Makhleb
    25 | D        | Noticed a large bag of meat
    26 | D        | Noticed a large bag of meat
    26 | D        | Noticed a large bag of meat
    27 | D        | Reached skill level 15 in Spellcasting
    27 | D        | Killed a meat berserker
    27 | D        | Noticed a meat berserker
    28 | D        | Noticed a meat berserker
    28 | D        | Noticed a meat berserker
    28 | D        | Mangled by a meat berserker
    28 | D        | Noticed a large bag of meat
    28 | D        | Noticed a destroyer
    29 | D        | Reached XP level 15. HP: -11/95 MP: 19/37
    29 | D        | Noticed a large bag of meat
    30 | D        | Noticed an eight-headed meat hydra
    32 | D        | Reached skill level 27 in Translocations
    32 | D        | Reached XP level 16. HP: 100/100 MP: 37/40
    33 | D        | Reached ***** piety under Makhleb
    34 | D        | Killed a destroyer
    35 | D        | Killed a large bag of meat
    36 | D        | Reached skill level 27 in Spellcasting
    37 | D        | Reached XP level 17. HP: 36/104 MP: 38/49
    37 | D        | Noticed a sculptor of flesh
    37 | D        | Noticed a sculptor of flesh
    37 | D        | Killed a large bag of meat
    37 | D        | Noticed a destroyer
    38 | D        | Reached skill level 5 in Summonings
    38 | D        | Reached skill level 5 in Necromancy
    38 | D        | Reached skill level 5 in Ice Magic
    38 | D        | Reached skill level 5 in Invocations
    38 | D        | Reached skill level 5 in Evocations
    38 | D        | Killed a large bag of meat
    39 | D        | Reached skill level 5 in Conjurations
    39 | D        | Reached skill level 5 in Fire Magic
    39 | D        | Reached skill level 5 in Air Magic
    39 | D        | Reached skill level 5 in Earth Magic
    39 | D        | Reached skill level 5 in Poison Magic
    40 | D        | Reached ****** piety under Makhleb
    40 | D        | Annihilated by a bag of meat
    41 | D        | Reached XP level 16. HP: -34/100 MP: 39/48
    41 | D        | Reached skill level 10 in Hexes
    45 | D        | Killed a meat berserker
    48 | D        | Killed a meat berserker
    49 | D        | Reached skill level 10 in Transmutations
    49 | D        | Reached skill level 10 in Evocations
    49 | D        | Reached XP level 17. HP: 81/104 MP: 49/49
    49 | D        | Killed a meat berserker
    50 | D        | Reached skill level 10 in Summonings
    50 | D        | Reached skill level 10 in Necromancy
    50 | D        | Reached skill level 10 in Invocations
    50 | D        | Killed a destroyer
    51 | D        | Reached skill level 10 in Conjurations
    51 | D        | Reached skill level 10 in Fire Magic
    51 | D        | Reached skill level 10 in Ice Magic
    51 | D        | Reached skill level 10 in Air Magic
    51 | D        | Reached skill level 10 in Earth Magic
    51 | D        | Reached skill level 10 in Poison Magic
    51 | D        | Killed a meat berserker
    51 | D        | Noticed a tyrant
    52 | D        | Killed a meat berserker
    53 | D        | Noticed an accursed
    53 | D        | Noticed a sculptor of flesh
    54 | D        | Noticed a meat berserker
    55 | D        | Noticed a tentacled monstrosity
    55 | D        | Noticed a tentacled monstrosity
    55 | D        | Noticed a meat berserker
    58 | D        | Reached XP level 18. HP: 70/109 MP: 50/50
    61 | D        | Noticed a meat berserker
    61 | D        | Noticed an accursed
    63 | D        | Killed a meat berserker
    63 | D        | Noticed a sculptor of flesh
    64 | D        | Reached skill level 15 in Transmutations
    64 | D        | Reached skill level 15 in Evocations
    64 | D        | Noticed a tyrant
    65 | D        | Noticed a sculptor of flesh
    65 | D        | Noticed a meat berserker
    65 | D        | Slain by a bag of meat
    66 | D        | Reached XP level 17. HP: -5/104 MP: 49/49
    66 | D        | Noticed a sculptor of flesh
    66 | D        | Noticed a destroyer
    66 | D        | Noticed a tyrant
    66 | D        | Noticed a meat berserker
    66 | D        | Noticed an accursed
    66 | D        | Noticed a meat beast
    67 | D        | Killed an accursed
    67 | D        | Noticed a tyrant
    67 | D        | Annihilated by a destroyer
    68 | D        | Reached XP level 16. HP: -131/100 MP: 48/48
    68 | D        | Reached skill level 15 in Summonings
    68 | D        | Reached skill level 15 in Necromancy
    68 | D        | Reached skill level 15 in Invocations
    68 | D        | Reached XP level 17. HP: 104/104 MP: 49/49
    68 | D        | Noticed a meat berserker
    68 | D        | Noticed an accursed
    68 | D        | Noticed a meat berserker
    68 | D        | Noticed a meat berserker
    68 | D        | Noticed a tyrant
    69 | D        | Noticed a dread
    70 | D        | Noticed a tentacled monstrosity
    70 | D        | Killed a meat berserker
    70 | D        | Noticed a sculptor of flesh
    71 | D        | Noticed an accursed
    71 | D        | Noticed a dread
    71 | D        | Noticed a meat berserker
    72 | D        | Noticed a meat berserker
    72 | D        | Noticed a meat berserker
    72 | D        | Noticed a tyrant
    72 | D        | Noticed a sculptor of flesh
    72 | D        | Noticed a destroyer
    72 | D        | Noticed a large bag of meat
    73 | D        | Killed a meat berserker
    74 | D        | Killed a sculptor of flesh
    75 | D        | Reached skill level 15 in Conjurations
    75 | D        | Reached skill level 15 in Fire Magic
    75 | D        | Reached skill level 15 in Ice Magic
    75 | D        | Reached skill level 15 in Air Magic
    75 | D        | Reached skill level 15 in Earth Magic
    75 | D        | Reached skill level 15 in Poison Magic
    75 | D        | Killed a destroyer
    75 | D        | Noticed a meat beast
    75 | D        | Noticed a meat berserker
    76 | D        | Killed a sculptor of flesh
    76 | D        | Noticed an eight-headed meat hydra
    76 | D        | Noticed a meat beast
    76 | D        | Noticed a sculptor of flesh
    77 | D        | Reached XP level 18. HP: 11/109 MP: 50/50
    77 | D        | Killed a meat berserker
    77 | D        | Noticed a large bag of meat
    78 | D        | Killed a dread
    78 | D        | Noticed an eight-headed meat hydra
    79 | D        | Killed a meat berserker
    79 | D        | Noticed a meat berserker
    80 | D        | Killed a dread
    81 | D        | Reached XP level 19. HP: 58/113 MP: 51/51
    81 | D        | Noticed a meat berserker
    83 | D        | Killed a meat berserker
    84 | D        | Killed a meat beast
    85 | D        | Reached skill level 27 in Hexes
    85 | D        | Reached XP level 20. HP: 35/118 MP: 52/52
    85 | D        | Noticed a dread
    86 | D        | Killed a meat berserker
    87 | D        | Killed a large bag of meat
    88 | D        | HP: 5/118 [??? (2)]
    89 | D        | Killed an eight-headed meat hydra
    89 | D        | Slain by a meat beast
    89 | D        | Killed a large bag of meat
    89 | D        | Killed a meat berserker
    90 | D        | Reached XP level 19. HP: 0/113 MP: 51/51
    90 | D        | Noticed a large bag of meat
    91 | D        | Noticed a meat beast
    91 | D        | Killed a meat berserker
    92 | D        | Noticed The Servant
    93 | D        | Noticed a meat beast
    93 | D        | Noticed a large bag of meat
    93 | D        | Noticed a large bag of meat
    93 | D        | Noticed a destroyer
    94 | D        | Noticed a meat berserker
    94 | D        | Noticed an accursed
    94 | D        | Noticed an eight-headed meat hydra
    94 | D        | Noticed a meat berserker
    94 | D        | Noticed a dread
    94 | D        | Noticed a meat berserker
    95 | D        | Noticed a destroyer
    95 | D        | Noticed a destroyer
    95 | D        | Noticed a meat beast
    95 | D        | Noticed a meat berserker
    95 | D        | Noticed a large bag of meat
    96 | D        | Killed a destroyer
    97 | D        | Noticed a large bag of meat
    97 | D        | Noticed a meat beast
    98 | D        | Noticed an observer
    98 | D        | Killed from afar by a wretched soul

Illustrated notes

Levels and vault maps discovered:
D:        meatsprint

Skill      XL: |  1  2  3  4  5  6  7  8  9 10 11 12 13 14 15 16 17 18 19 |
---------------+----------------------------------------------------------+-----
Unarmed Combat | 24 27 | 27.0
Fighting       | 16 25 27 | 27.0
Dodging        | 19 27 | 27.0
Stealth        | 10 27 | 27.0
Spellcasting   | 19 27 | 27.0
Translocations | 27 26 | 27.0
Conjurations   | 14 15 18 20 | 20.5
Hexes          | 21 23 26 27 | 27.0
Summonings     | 15 17 19 22 | 22.1
Necromancy     | 15 17 19 22 | 22.2
Transmutations | 17 18 21 23 | 23.9
Fire Magic     | 14 15 18 20 | 20.5
Ice Magic      | 14 15 18 20 | 20.5
Air Magic      | 14 15 18 20 | 20.5
Earth Magic    | 14 15 18 20 | 20.5
Poison Magic   | 14 15 18 20 | 20.6
Invocations    | 15 17 19 22 | 22.1
Evocations     | 17 18 21 23 | 23.9

Action                   |  1- 3 |  4- 6 |  7- 9 | 10-12 | 13-15 | 16-18 | 19-21 || total
-------------------------+-------+-------+-------+-------+-------+-------+-------++-------
Melee: Unarmed           |     1 |       |       |     3 |     7 |    34 |    11 ||    56
Dodge: Dodged            |       |       |       |       |     5 |    18 |    13 ||    36
